 Dungeon Crawl Stone Soup version 0.32-a0-975-g85d4e5bfdb (webtiles) character file.

Game seed: 15008765098755292922

99910 GeoRichter the Bludgeoner (level 16, 0/148 (157) HPs)
             Began as a Naga Alchemist on Apr 19, 2024.
             Was the Champion of Cheibriados.
             Killed from afar by an orc sorcerer (22 damage)
             ... with a bolt of negative energy
             ... on level 15 of the Dungeon.
             The game lasted 00:46:58 (28980 turns).

GeoRichter the Bludgeoner (Naga Alchemist)         Turns: 28980, Time: 00:46:58

HP:   0/148 (157)   AC: 15    Str: 29    XL:     16   Next: 26%
MP:   10/25         EV:  8    Int: 43    God:    Cheibriados [******]
Gold: 1405          SH: 23    Dex: 34    Spells: 9/27 levels left

rFire   . . .        a - +8 eveningstar (holy)
rCold   . . .        q - +2 kite shield
rNeg    . . .        S - +4 ring mail {Will+}
rPois   +            k - +0 helmet "Utzu" {Str-3 Int+6}
rElec   .            U - +0 cloak
rCorr   .            e - +0 pair of gloves
SInv    +            (no barding)
Will    +++..        L - amulet of reflection
Stlth   ++++         B - +6 ring of strength
HPRegen 0.44/turn    H - +6 ring of dexterity
MPRegen 0.19/turn

%: reflection
@: drained, very slow
A: AC +5, large, see invisible, deformed body, poison resistance, slowness 2,
spit poison 1, naga tail 2
a: Spit Poison, Renounce Religion, Bend Time, Temporal Distortion, Slouch, Step
From Time


You were on level 15 of the Dungeon.
You worshipped Cheibriados.
Cheibriados was exalted by your worship.
You visited 4 branches of the dungeon, and saw 23 of its levels.
You also visited: Sewer and Volcano.

You collected 2861 gold pieces.
You spent 1456 gold pieces at shops.

Inventory:

Hand Weapons
 a - a +8 eveningstar of holy wrath (weapon)
   (You acquired it on level 3 of the Dungeon)
Missiles
 j - 3 throwing nets {!f}
 s - 5 curare-tipped darts {!f}
Armour
 e - a +0 pair of gloves (worn)
   (You found it on level 1 of the Dungeon)
 f - the +1 leather armour of Hepliaklqana's Fury {*Slow rElec rF+}
   (You bought it in a shop on level 1 of the Dungeon)

   rF+:       It protects you from fire.
   rElec:     It insulates you from electricity.
   *Slow:     It may slow you when you take damage.
 k - the +0 helmet "Utzu" (worn) {Str-3 Int+6}
   (You found it on level 2 of the Dungeon)

   Str-3:     It affects your strength (-3).
   Int+6:     It affects your intelligence (+6).
 q - a +2 kite shield (worn)
   (You found it on level 4 of the Dungeon)
 Q - a +3 leather armour of fire resistance
   (You found it in a volcano)
 S - a +4 ring mail of willpower (worn)
   (You found it on level 5 of the Lair of Beasts)
 U - a +0 cloak (worn)
   (You took it off Maurice on level 11 of the Dungeon)
Jewellery
 B - a +6 ring of strength (left hand)
   (You found it on level 6 of the Dungeon)
 G - the dreamdust necklace {Acrobat}
   (You found it on level 9 of the Dungeon)

   [amulet of the acrobat]

   Acrobat:   It increases your evasion while moving and waiting.
 H - a +6 ring of dexterity (right hand)
   (You found it on level 2 of the Lair of Beasts)
 L - an amulet of reflection (around neck)
   (You found it on level 10 of the Dungeon)
 M - an amulet of magic regeneration
   (You found it on level 11 of the Dungeon)
Wands
 h - a wand of digging (3)
   (You found it on level 4 of the Dungeon)
 l - a wand of roots (14)
   (You found it on level 3 of the Dungeon)
 m - a wand of flame (52)
   (You took it off Edmund on level 4 of the Dungeon)
 r - a wand of quicksilver (4)
   (You found it on level 12 of the Dungeon)
 O - a wand of polymorph (4)
   (You found it on level 1 of the Lair of Beasts)
 V - a wand of paralysis (19)
   (You took it off Maurice on level 11 of the Dungeon)
Scrolls
 c - 3 scrolls of vulnerability {!r}
 d - a scroll of immolation {!r}
 i - 5 scrolls of noise {!r}
 p - 3 scrolls of silence
 v - 2 scrolls of enchant armour
 w - 3 scrolls of blinking
 C - a scroll of amnesia
 D - 7 scrolls of poison
 F - 2 scrolls of fear
 K - 5 scrolls of revelation
 R - a scroll of identify {@r1}
 W - a scroll of acquirement
Potions
 b - a potion of ambrosia
 g - 5 potions of brilliance
 n - 7 potions of invisibility
 o - 2 potions of enlightenment
 t - 2 potions of lignification {!q}
 y - 6 potions of magic
 z - a potion of mutation {!q}
 A - 2 potions of might
 E - a potion of resistance {unknown}
 J - 4 potions of curing {@q1}
 N - 5 potions of cancellation
 P - 2 potions of attraction {unknown}
 T - a potion of berserk rage
Miscellaneous
 I - a lightning rod (4/4) {!a}
   (You found it on level 5 of the Lair of Beasts)


   Skills:
 - Level 13.3 Fighting
 - Level 16.0 Maces & Flails
 + Level 1.4 Armour
 - Level 1.5 Dodging
 - Level 6.0 Stealth
 - Level 12.5 Shields
 - Level 6.0 Spellcasting
 - Level 1.0 Conjurations
 * Level 9.1 Ice Magic
 - Level 11.0 Alchemy
 - Level 4.9 Invocations


You had 9 spell levels left.
You knew the following spells:

 Your Spells              Type           Power      Damage    Failure   Level
a - Sting                 Conj/Alch      100%       1d9       1%          1
b - Olgreb's Toxic Radia  Alch           82%        N/A       1%          4
c - Ozocubu's Refrigerat  Ice            37%        4d15      67%         7
d - Sculpt Simulacrum     Ice/Alch       39%        N/A       12%         6

Your spell library contained the following spells:

 Spells                   Type           Power      Damage    Failure   Level
 Mercury Vapours          Alch/Air       100%       N/A       1%          2
 Mephitic Cloud           Conj/Alch/Air  47%        N/A       2%          3
 Leda's Liquefaction      Alch/Erth      28%        N/A       4%          4
 Petrify                  Alch/Erth      57%        N/A       4%          4
 Sticky Flame             Fire/Alch      57%        2d10      4%          4
 Momentum Strike          Conj/Tloc      34%        3d8       6%          2
 Blink                    Tloc           24%        N/A       7%          2
 Lesser Beckoning         Tloc           24%        N/A       7%          2
 Dazzling Flash           Conj/Hex       34%        N/A       12%         3
 Tukima's Dance           Hex            12%        N/A       14%         3
 Volatile Blastmotes      Fire/Tloc      24%        2d12      14%         3
 Yara's Violent Unravell  Hex/Alch       28%        3d12      14%         5
 Metabolic Englaciation   Hex/Ice        25%        N/A       21%         5
 Passage of Golubria      Tloc           12%        N/A       43%         4
 Summon Lightning Spire   Summ/Air       12%        N/A       43%         4
 Vhi's Electric Charge    Tloc/Air       24%        N/A       43%         4
 Iskenderun's Battlesphe  Conj           21%        2d7       65%         5
 Arcjolt                  Conj/Air       8%         1d18      71%         5
 Silence                  Hex/Air        6%         N/A       78%         5
 Rimeblight               Ice/Necr       25%        2d6       (prima99%   7
 Death Channel            Necr           6%         N/A       100%        6
 Gell's Gavotte           Tloc           6%         2d(14-20) 100%        6
 Discord                  Hex            6%         N/A       100%        8
 Lehudib's Crystal Spear  Conj/Erth      8%         10d4      100%        8
 Maxwell's Capacitive Co  Air            6%         ∞         100%        8


Dungeon Overview and Level Annotations

Branches:
Dungeon (15/15) Zot: 40113  Temple (1/1) D:4 Zot: 8946    Lair (5/5) D:9 Zot: 28475
 Shoals (0/4) Lair:2        Snake (0/4) Lair:3        Slime (0/5) Lair:5
    Orc (2/2) D:9 Zot: 14132     Elf (0/3) Orc:2        Vaults (0/5) D:14
 Depths (0/4) D:15          Sewer (visited)         Volcano (visited)

Altars:
Ashenzari
Cheibriados
Dithmenos
Elyvilon
Fedhas
Gozag
Hepliaklqana
Kikubaaqudgha
Makhleb
Nemelex Xobeh
Okawaru
Qazlal
Ru
Sif Muna
Trog
Uskayaw
Vehumet
Wu Jian
Xom
Yredelemnul
Zin
The Shining One

Shops:
D:1 [   D:3 ?   Orc:1 !   Orc:2 [:*(

Annotations:
D:5 3 runed translucent doors, GreedOfGod's ghost, novice GrFi; flinch's ghost, novice OpEE; grizmgrazm2's ghost, novice GrFi; makewrite's ghost, amateur MiHu; whodunnit's ghost, novice OpSh
D:6 1 runed translucent door, P0WERM0DE's ghost, novice CoCK
D:7 2 transporters, Pascal76's ghost, novice MiFi
Lair:2 exclusion: door
Orc:2 3 runed translucent doors, HourglassMan's ghost, journeyman TeAE; IndexError's ghost, journeyman GnCj; grizmgrazm2's ghost, journeyman TrFi; tensugalgo's ghost, journeyman DsGl


Innate Abilities, Weirdness & Mutations

Your serpentine skin is tough. (AC +5)
You have supernaturally acute eyesight. (SInv)
Armour fits poorly on your strangely shaped body.
Your system is resistant to poisons. (rPois)
You cover ground very slowly.
You can spit poison.
You can use your snake-like lower body to constrict enemies.


Message History

Okay, then.
You step out of the flow of time.
Cheibriados appreciates the change of pace.
You feel a bit more experienced.
You return to the normal time flow.
A centaur warrior simulacrum and a centaur warrior zombie come into view.
You block the centaur warrior simulacrum's attack. x2
The orc sorcerer shouts!
You puncture the centaur warrior simulacrum!
The centaur warrior simulacrum convulses!
You grab the centaur warrior simulacrum.
The centaur warrior simulacrum is almost destroyed.
You constrict the centaur warrior simulacrum.
The centaur warrior simulacrum vaporises!
Cheibriados appreciates the change of pace.
You feel sick.
You hear a shout!
The centaur warrior zombie barely misses you.
You block the centaur warrior zombie's attack.
The orc sorcerer gestures at you while chanting.
The bolt of negative energy hits you!!
You feel drained.
* * * LOW HITPOINT WARNING * * *
You hear a shout!
You hear a horrible gurgling sound!
You impale the centaur warrior zombie!!
The centaur warrior zombie convulses!
You grab the centaur warrior zombie.
The centaur warrior zombie is moderately damaged.
You constrict the centaur warrior zombie!
You block the centaur warrior zombie's attack. x2
The orc sorcerer gestures at you while chanting.
The bolt of negative energy misses you.
You bludgeon the centaur warrior zombie!!
The centaur warrior zombie convulses!!
The centaur warrior zombie is almost destroyed.
You constrict the centaur warrior zombie.
You feel sick.
You block the centaur warrior zombie's attack. x2
You puncture the centaur warrior zombie!
You destroy the centaur warrior zombie!
Cheibriados appreciates the change of pace.
Okay, then.
Okay, then.
You barely miss the orc sorcerer. You grab the orc sorcerer.
You constrict the orc sorcerer.
You feel sick.
You are no longer poisoned.
The centaur warrior skeleton hits you.
* * * LOW HITPOINT WARNING * * *
You block the centaur warrior skeleton's attack.
The orc sorcerer points at you and mumbles some strange words.
The bolt of negative energy hits you!!
You feel drained.
You die...
Cheibriados appreciates the motionlessness of death.

♣~...# #.....
♣♣...?# #.....
♣♣♣♣♣..... #.
#..... ........#
#..######.....
#......#
##.........#+#
#..u.uu#
#####..####...##.#
# #..u.uu#
#...#..#
###..#.#.#
######.+ #.>oZZ.#
##.#.#.. ### #..@#
#.#.### #####
#...#.. ###.##^
#.... ###...
#..... #.....
###..†.. ........O


You could see an orc sorcerer, a centaur warrior simulacrum and a centaur
warrior skeleton.

Vanquished Creatures
  Frances (D:13)
  An orc warlord (Orc:2)
  Fannar (Orc:1)
  2 vault guards (D:14)
  Erolcha (Orc:1)
  A catoblepas (Lair:3)
  9 hydras
  7 boulder beetles
  A centaur warrior (D:14)
  4 two-headed ogres
  3 death yaks (Lair:3)
  Urug (D:13)
  Nergalle (D:11)
  Sonja (D:11)
  A skyshark (Lair:3)
  6 skeletal warriors
  Lodul (D:14)
  2 lindwurms (Lair:3)
  5 slime creatures
  A deep elf pyromancer (D:13)
  3 orc knights (Orc:2)
  3 necromancers (D:14)
  18 ugly things
  An orc sorcerer (Orc:2)
  2 manticores (D:11)
  Maurice (D:11)
  A centaur zombie (D:15)
  3 cyclopes
  7 kobold blastminers
  A meliai (D:15)
  5 elephants (Lair:3)
  10 black mambas
  8 gargoyles
  Joseph (D:10)
  A torpor snail (Lair:5)
  13 cane toads
  An unseen horror (D:13)
  A yaktaur (D:15)
  12 komodo dragons
  4 rime drakes
  5 tengu conjurers
  3 trolls
  5 hornets
  7 polar bears
  4 harpy skeletons (Volcano)
  Grinder (D:4)
  10 blink frogs
  10 dream sheep
  A centaur simulacrum (D:15)
  12 spriggans
  A shadow (D:9)
  A wraith (D:14)
  6 wyverns
  46 yaks
  20 humans (D:14)
  A hog (shapeshifter) (D:15)
  2 vampires
  A warg (Orc:1)
  8 vampire mosquitoes
  4 steam dragons
  8 basilisks
  Edmund (D:4)
  An acid dragon (D:11)
  14 water moccasins
  35 orc warriors
  7 black bears
  4 laughing skulls
  14 ogres
  3 sky beasts (D:7)
  34 wolves
  4 boggarts (Lair:5)
  11 centaurs
  5 phantoms
  3 kobold brigands
  A weeping skull (Volcano)
  2 brain worms (Sewer)
  11 bullfrogs
  2 scorpions
  2 gnoll sergeants
  9 wights (D:8)
  14 killer bees
  2 spriggan skeletons (Volcano)
  4 troll skeletons (Volcano)
  4 bombardier beetles
  5 howler monkeys
  3 hounds
  9 jellies
  5 orc priests
  4 iguanas
  Jessica (D:2)
  2 gnoll boudas
  A sleepcap (D:7)
  21 orc wizards
  A naga skeleton (Volcano)
  Robin (D:4)
  24 gnolls
  4 adders
  2 river rats (D:5)
  2 ufetubi (D:6)
  2 dart slugs (D:3)
  A ribbon worm (D:2)
  76 orcs
  6 bats
  5 endoplasms
  A giant cockroach (D:1)
  12 goblins
  6 hobgoblins
  21 kobolds
  4 quokkas
  9 frilled lizards
  8 rats
  2 butterflies (D:3)
727 creatures vanquished.

Vanquished Creatures (others)
  An ogre (Orc:2)
1 creature vanquished.

Grand Total: 728 creatures vanquished

Notes
Turn   | Place    | Note
-------+----------+-------------------------------------------
     0 | D:1      | GeoRichter the Naga Alchemist began the quest for the Orb.
     0 | D:1      | Reached XP level 1. HP: 15/15 MP: 3/3
   234 | D:1      | Reached XP level 2. HP: 22/22 MP: 3/5
   721 | D:1      | Found Dimul's Antique Armour Boutique.
   750 | D:2      | Noticed Jessica
   751 | D:2      | Found a white marble altar of Elyvilon.
   755 | D:2      | Killed Jessica
   756 | D:2      | Reached XP level 3. HP: 26/28 MP: 1/6
  1058 | D:2      | Reached XP level 4. HP: 21/36 MP: 2/7
  1612 | D:2      | Identified the +0 helmet "Utzu" {Str-3 Int+6}
  1694 | D:2      | Learned a level 4 spell: Olgreb's Toxic Radiance
  2058 | D:3      | Found Fitorr's Magic Scroll Shop.
  2172 | D:3      | Noticed a black bear
  2180 | D:3      | Killed a black bear
  2181 | D:3      | Reached skill level 5 in Alchemy
  2181 | D:3      | Reached XP level 5. HP: 17/42 MP: 1/9
  2597 | D:3      | Found a faded altar of an unknown god.
  2780 | D:3      | Found a stormy altar of Qazlal.
  2998 | D:4      | Found a staircase to the Ecumenical Temple.
  3009 | D:4      | Reached XP level 6. HP: 30/49 MP: 4/10
  3014 | Temple   | Entered the Ecumenical Temple
  3028 | Temple   | Became a worshipper of Cheibriados the Contemplative
  3156 | D:4      | Noticed Edmund
  3158 | D:4      | Noticed Grinder
  3285 | D:4      | Killed Edmund
  3286 | D:4      | Reached XP level 7. HP: 36/55 MP: 4/12
  3499 | D:4      | HP: 1/55 [phantom (4)]
  3932 | D:4      | Paralysed by Grinder for 3 turns
  3944 | D:4      | Killed Grinder
  4156 | D:4      | Noticed Robin
  4158 | D:4      | Reached * piety under Cheibriados
  4160 | D:4      | Killed Robin
  4422 | D:5      | Entered Level 5 of the Dungeon
  4426 | D:5      | Reached XP level 8. HP: 62/62 MP: 5/14
  4546 | D:5      | Found a glowing drain.
  4573 | Sewer    | Entered a sewer
  4713 | Sewer    | Reached skill level 5 in Spellcasting
  4955 | Sewer    | Reached ** piety under Cheibriados
  5086 | Sewer    | Reached skill level 1 in Fighting
  5561 | D:5      | Found a basalt altar of Yredelemnul.
  5562 | D:5      | Found an iron altar of Okawaru.
  5562 | D:5      | Found a hide-covered altar of Uskayaw.
  5565 | D:5      | Found a white marble altar of Elyvilon.
  5569 | D:5      | Found a runed translucent gate.
  5569 | D:5      | Found a runed translucent gate.
  5570 | D:5      | Found a runed translucent gate.
  5570 | D:5      | Noticed grizmgrazm2's ghost (novice GrFi)
  5570 | D:5      | Noticed whodunnit's ghost (novice OpSh)
  5570 | D:5      | Noticed flinch's ghost (novice OpEE)
  5570 | D:5      | Noticed makewrite's ghost (amateur MiHu)
  5571 | D:5      | Noticed GreedOfGod's ghost (novice GrFi)
  5649 | D:5      | Reached skill level 10 in Alchemy
  5880 | D:1      | Bought a dazzling leather armour for 189 gold pieces
  5880 | D:1      | Identified the +1 leather armour of Hepliaklqana's Fury
                  | {*Slow rElec rF+} (You bought it in a shop on level 1 of
                  | the Dungeon)
  6724 | D:6      | Reached XP level 9. HP: 71/74 MP: 8/17
  7289 | D:6      | Reached *** piety under Cheibriados
  7426 | D:6      | Found a runed translucent door.
  7426 | D:6      | Noticed P0WERM0DE's ghost (novice CoCK)
  7686 | D:7      | Found a radiant altar of Vehumet.
  7694 | D:7      | Reached skill level 1 in Maces & Flails
  7841 | D:7      | Reached skill level 1 in Shields
  7922 | D:7      | Noticed a queen bee
  7923 | D:7      | Noticed Pascal76's ghost (novice MiFi)
  7924 | D:7      | Found a transporter.
  7929 | D:7      | Found a transporter.
  8109 | D:7      | Identified the +10 dagger "Vonkeh" {distort, rPois rF+ rC-
                  | Int+3}
  8119 | D:7      | Reached skill level 2 in Maces & Flails
  8312 | D:7      | Reached **** piety under Cheibriados
  8313 | D:7      | Reached skill level 3 in Maces & Flails
  8556 | D:7      | Reached skill level 4 in Maces & Flails
  8729 | D:7      | Noticed a hornet
  8733 | D:7      | Killed a hornet
  8734 | D:7      | Reached XP level 10. HP: 82/87 MP: 11/19
  8735 | D:7      | Reached skill level 5 in Fighting
  8735 | D:7      | Reached skill level 5 in Maces & Flails
  8736 | D:7      | Noticed a cyan ugly thing
  8747 | D:7      | Killed a cyan ugly thing
  8921 | D:8      | Reached skill level 6 in Maces & Flails
  9114 | D:8      | Reached ***** piety under Cheibriados
  9119 | D:8      | Reached skill level 7 in Maces & Flails
  9256 | D:8      | Found a shimmering altar of Xom.
  9256 | D:8      | Found a burning altar of Makhleb.
  9257 | D:8      | Found a sparkling altar of Nemelex Xobeh.
  9314 | D:8      | Noticed a two-headed ogre
  9323 | D:8      | Killed a two-headed ogre
  9632 | D:8      | Reached skill level 5 in Shields
  9634 | D:8      | Reached skill level 8 in Maces & Flails
  9634 | D:8      | Reached XP level 11. HP: 90/99 MP: 13/20
  9876 | D:9      | Found an opulent altar of Gozag.
 10457 | D:9      | Found an ornate altar of the Wu Jian Council.
 10651 | D:9      | Reached skill level 9 in Maces & Flails
 10923 | D:9      | Found the dreamshard necklace {Acrobat *Dream}
 10928 | D:9      | Found a staircase to the Orcish Mines.
 11130 | D:9      | Found a staircase to the Lair.
 11225 | D:9      | Found a glowing golden altar of the Shining One.
 11349 | D:10     | Entered Level 10 of the Dungeon
 11358 | D:10     | Noticed Joseph
 11369 | D:10     | Killed Joseph
 11549 | D:10     | You fall into a shaft and drop 1 floor!
 11577 | D:11     | Noticed a boulder beetle
 11579 | D:11     | Noticed a manticore
 11587 | D:11     | Killed a manticore
 11588 | D:11     | Reached skill level 10 in Maces & Flails
 11967 | D:10     | Reached ****** piety under Cheibriados
 12044 | D:10     | Found a sacrificial altar of Ru.
 12530 | Lair:1   | Entered Level 1 of the Lair of Beasts
 12593 | Lair:1   | Reached XP level 12. HP: 85/111 MP: 21/21
 12809 | Lair:1   | Reached skill level 11 in Maces & Flails
 14281 | D:3      | Bought a scroll of acquirement for 572 gold pieces
 14281 | D:3      | Acquired a +0 eveningstar of holy wrath
 14970 | Lair:2   | Noticed an eight-headed hydra
 14978 | Lair:2   | Killed an eight-headed hydra
 14979 | Lair:2   | Reached skill level 12 in Maces & Flails
 15758 | Lair:2   | Found a staircase to the Shoals.
 16096 | Lair:3   | Found a dark tunnel.
 16115 | Volcano  | Entered a volcano
 16499 | Volcano  | Gained mutation: You can use your snake-like lower body to
                  | constrict enemies. [Naga growth]
 16499 | Volcano  | Reached XP level 13. HP: 123/123 MP: 22/22
 16524 | Volcano  | Reached skill level 13 in Maces & Flails
 16527 | Volcano  | Reached skill level 10 in Fighting
 16917 | Lair:3   | Found a staircase to the Snake Pit.
 17428 | D:3      | Bought 2 scrolls of enchant weapon for 165 gold pieces
 18055 | Lair:3   | Reached skill level 14 in Maces & Flails
 19338 | Lair:4   | Reached XP level 14. HP: 113/135 MP: 23/23
 20101 | Lair:5   | Entered Level 5 of the Lair of Beasts
 20129 | Lair:4   | HP: 2/135 [eight-headed hydra (5)]
 20138 | Lair:4   | Reached skill level 15 in Maces & Flails
 20547 | Lair:5   | Reached skill level 10 in Shields
 20915 | Lair:5   | Found a staircase to the Slime Pits.
 22051 | Lair:5   | Reached skill level 16 in Maces & Flails
 22615 | Orc:1    | Entered Level 1 of the Orcish Mines
 22622 | Orc:1    | Found Antuvuqi's Distillery.
 22638 | Orc:1    | Bought a potion of heal wounds for 70 gold pieces
 22638 | Orc:1    | Bought a potion of invisibility for 112 gold pieces
 22638 | Orc:1    | Bought a potion of brilliance for 56 gold pieces
 22638 | Orc:1    | Bought a potion of brilliance for 56 gold pieces
 22638 | Orc:1    | Bought a potion of brilliance for 56 gold pieces
 22640 | Orc:1    | Noticed Erolcha
 22648 | Orc:1    | Killed Erolcha
 23156 | Orc:1    | Noticed Fannar
 23163 | Orc:1    | Killed Fannar
 23330 | Orc:2    | Entered Level 2 of the Orcish Mines
 23331 | Orc:2    | Noticed an orc warlord
 23825 | Orc:2    | Reached XP level 15. HP: 138/146 MP: 12/24
 24005 | Orc:2    | Killed an orc warlord
 24133 | Orc:2    | Found a runed translucent gate.
 24155 | Orc:2    | Found a staircase to the Elven Halls.
 24302 | Orc:2    | Found a shimmering blue altar of Sif Muna.
 24316 | Orc:2    | Found a runed translucent gate.
 24316 | Orc:2    | Found a runed translucent gate.
 24318 | Orc:2    | Noticed tensugalgo's ghost (journeyman DsGl)
 24318 | Orc:2    | Noticed IndexError's ghost (journeyman GnCj)
 24320 | Orc:2    | Noticed grizmgrazm2's ghost (journeyman TrFi)
 24320 | Orc:2    | Noticed HourglassMan's ghost (journeyman TeAE)
 24365 | Orc:2    | Found Hiruad's Book Emporium.
 24365 | Orc:2    | Found Gecriseg's Assorted Antiques.
 24367 | Orc:2    | Found Veifafou's Weapon Boutique.
 24369 | Orc:2    | Found Azu Ullise's Antique Armour Shoppe.
 24374 | Orc:2    | Bought a scroll of enchant weapon for 180 gold pieces
 24689 | D:11     | Reached skill level 1 in Ice Magic
 24744 | D:11     | Noticed Nergalle
 24750 | D:11     | Killed Nergalle
 24906 | D:11     | Noticed Maurice
 24915 | D:11     | Killed Maurice
 25169 | D:11     | Noticed Sonja
 25175 | D:11     | Killed Sonja
 26421 | D:13     | Noticed Frances
 26431 | D:13     | HP: 3/148 [Frances/iron shot (28)]
 26432 | D:13     | Saved by the dreamshard amulet
 26434 | D:13     | Killed Frances
 26435 | D:13     | Reached skill level 5 in Ice Magic
 26849 | D:13     | Noticed Urug
 26858 | D:13     | Killed Urug
 27192 | D:13     | Reached skill level 1 in Invocations
 27441 | D:13     | Learned a level 7 spell: Ozocubu's Refrigeration
 27779 | D:14     | Noticed Lodul
 27783 | D:14     | Killed Lodul
 27988 | D:14     | Reached XP level 16. HP: 156/157 MP: 20/25
 28217 | D:14     | Found a gate to the Vaults.
 28686 | D:14     | Learned a level 6 spell: Sculpt Simulacrum
 28746 | D:15     | Entered Level 15 of the Dungeon
 28764 | D:15     | Reached skill level 1 in Armour
 28832 | D:15     | Got Amottud's Incunable of Trauma and Remains
 28974 | D:15     | Found a staircase to the Depths.
 28980 | D:15     | Killed from afar by an orc sorcerer

Illustrated notes

Levels and vault maps discovered:
D:1:      mushboom_english_gardens, layout_basic, serial_shops, shop
D:2:      layout_basic, basic_altar, chequers_serial_rivers_micro_e,
          uniq_jessica
D:3:      layout_loops_ring, mainiacjoe_overflow_alcove_2, serial_shops,
          nicolae_shop_tiny_glass, shapermc_ecumenical_altar_mp_highgroup,
          hangedman_glass_garden, minmay_misc_feat_chi
D:4:      layout_gridville, minmay_temple_entry_antechambers,
          minmay_misc_feat_iff, nicolae_the_louvre, uniq_robin, uniq_grinder,
          uniq_edmund
D:5:      layout_loops_ring, grunt_temple_overflow_open, portal_sewer_entry_b,
          gammafunk_ghost_cemetery
D:6:      layout_gridville, hellmonk_ghost_happy_afterlife
D:7:      layout_rooms, vehumet_altar_wand_db, gammafunk_ghost_hive,
          nzn_random_ring
D:8:      layout_gridville, dolorous_overflow_abandoned_chaos_spawn_temple
D:9:      layout_roguey, amcnicky_altar_gilded, tso_oasis_becter,
          mainiacjoe_overflow_brackets, grunt_lair_entry_orc_guard_hut,
          st_stairs_1
D:10:     layout_loops_ring, nicolae_ru_awakened_eye,
          amcnicky_mini_rare_corridor_liquid, minmay_fractal_squares_gapless_5,
          uniq_joseph
D:11:     layout_rooms, uniq_maurice, uniq_sonja, uniq_nergalle
D:12:     layout_roguey
D:13:     layout_irregular_city, uniq_urug, uniq_frances
D:14:     layout_loops_ring, grunt_vaults_entry_tiered,
          hangedman_decor_peaks_small, uniq_lodul
D:15:     grunt_enter_depths_magical_seal, layout_basic, serial_bayou_ford_a
Temple:   nicolae_temple_bog_church
Lair:1:   layout_hall_layers, cheibrodos_lair_reptile_den, grunt_megastairs_2
Lair:2:   layout_layer_cave, minmay_shoals_entry_hut,
          grunt_forest_stairs_clearing
Lair:3:   nzn_winding_woodlands_three_and_one
          [nzn_winding_woodlands_5x15_pathside_ponds,
          nzn_winding_woodlands_5x15_lazy_stream,
          nzn_winding_woodlands_5x15_split_checker,
          nzn_winding_woodlands_center_pierced_h], layout_regular_city,
          dummy_snake_entry, lightli_volcano_entry_magma_tube, lemuel_fruit_tree
Lair:4:   layout_gridlike
Lair:5:   minmay_lair_end_enchanted_forest, layout_cave_pods,
          nicolae_slime_entry_slimehenge
Orc:1:    layout_diamond_mine, serial_shops, shop_statue,
          nicolae_orc_quarried_blocks, uniq_fannar, uniq_erolcha
Orc:2:    st_orc_rangers, layout_caves, gammafunk_ghost_cemetery, led_sif_book

Skill      XL: |  1  2  3  4  5  6  7  8  9 10 11 12 13 14 15 16 |
---------------+-------------------------------------------------+-----
Stealth        | 4 6 |  6.0
Alchemy        | 4 5 7 8 10 11 | 11.0
Spellcasting   | 3 4 5 6 |  6.0
Fighting       | 2 4 6 8 9 11 12 13 | 13.3
Maces & Flails | 4 8 10 12 14 16 | 16.0
Shields        | 3 5 6 8 9 11 12 | 12.5
Ice Magic      | 7 9 |  9.1
Invocations    | 3 4 |  4.9
Armour         | 1 |  1.4
Dodging        | |  1.5
Conjurations   | |  1.0

Action                     |  1- 3 |  4- 6 |  7- 9 | 10-12 | 13-15 | 16-18 || total
---------------------------+-------+-------+-------+-------+-------+-------++-------
  Melee: Unarmed           |     2 |       |       |       |       |       ||     2
         Dagger            |       |     5 |   188 |       |       |       ||   193
         Morningstar       |       |       |     8 |    56 |       |       ||    64
         Flail             |       |       |       |   197 |       |       ||   197
         Eveningstar       |       |       |       |   119 |   484 |    74 ||   677
         Constrict         |       |       |       |       |   124 |    24 ||   148
   Cast: Sting             |    30 |    69 |    85 |    13 |     7 |       ||   204
         Olgreb's Toxic Ra |       |     4 |    70 |    87 |   165 |    18 ||   344
 Invoke: Step From Time    |       |       |       |       |       |     1 ||     1
Ability: Spit Poison       |     1 |     6 |     5 |     2 |     2 |       ||    16
  Evoke: Wand              |       |       |     5 |     5 |    23 |       ||    33
    Use: Scroll            |       |     6 |     2 |    15 |    14 |     4 ||    41
         Potion            |       |       |     2 |       |     7 |     3 ||    12
   Stab: Sleeping          |       |     2 |       |     5 |     1 |       ||     8
 Armour: Robe              |     8 |    21 |    89 |       |   202 |       ||   320
         Leather armour    |       |       |   106 |    36 |    10 |       ||   152
         Steam dragon scal |       |       |       |   184 |       |       ||   184
         Ring mail         |       |       |       |       |   105 |    68 ||   173
  Dodge: Dodged            |     8 |    22 |    93 |   134 |   250 |    22 ||   529
  Block: Kite shield       |       |       |    80 |   309 |   542 |    98 ||  1029
         Reflection        |       |       |       |       |       |     1 ||     1

Table legend: (Time is in decaauts)
 A = Elapsed time spent in this place.
 B = Non-inter-level travel time spent in this place.
 C = Inter-level travel time spent in this place.
 D = Time resting spent in this place.
 E = Time spent auto-exploring this place.
 F = Levels seen in this place.
 G = Mean time per level.
                   A        B        C        D        E       F      G
               +--------+--------+--------+--------+--------+-----+--------+
         Total |  50105 |  46333 |   3772 |   2358 |  36815 |  25 | 2004.2 |
       Dungeon |  27428 |  24907 |   2521 |    835 |  20144 |  15 | 1828.5 |
        Temple |     43 |      2 |     41 |      0 |      0 |   1 |   43.0 |
          Lair |  16513 |  15409 |   1104 |    990 |  12475 |   5 | 3302.6 |
  Orcish Mines |   3871 |   3765 |    106 |    236 |   3091 |   2 | 1935.5 |
         Sewer |   1004 |   1004 |      0 |      0 |    842 |   1 | 1004.0 |
       Volcano |   1243 |   1243 |      0 |    296 |    260 |   1 | 1243.0 |
               +--------+--------+--------+--------+--------+-----+--------+

Top non-repeatable levels by time:
  Lair:3: 3769 daAuts
  Lair:2: 3710 daAuts
  Lair:5: 3622 daAuts
  Lair:4: 2719 daAuts
     D:9: 2705 daAuts
  Lair:1: 2690 daAuts
    D:14: 2436 daAuts
    D:13: 2353 daAuts
     D:4: 2304 daAuts
     D:7: 2244 daAuts
   Orc:2: 2149 daAuts
     D:5: 2144 daAuts
    D:10: 2120 daAuts
     D:3: 1725 daAuts
   Orc:1: 1722 daAuts
